 Dungeon Crawl Stone Soup version 0.20.1-1-g8b1a95d (webtiles) character file.

471 Mitsuki the Digger (level 7, -4/36 HPs)
             Began as a Gargoyle Earth Elementalist on Sept 15, 2017.
             Was an Initiate of Vehumet.
             Slain by an ogre
             ... wielding a +0 giant club
              (15 damage)
             ... on level 3 of the Dungeon.
             The game lasted 00:18:33 (4553 turns).

Mitsuki the Digger (Gargoyle Earth Elementalist)    Turns: 4553, Time: 00:18:34

Health: -4/36      AC: 10    Str: 12    XL:     7   Next: 9%
Magic:  11/13      EV: 12    Int: 17    God:    Vehumet [......]
Gold:   273        SH:  0    Dex: 10    Spells: 5/14 levels left

rFire    . . .     SeeInvis .   u - +0 flail
rCold    . . .     Gourm    .   (no shield)
rNeg     + . .     Faith    .   c - +0 robe
rPois    ∞         Spirit   .   (no helmet)
rElec    +         Reflect  .   a - +2 cloak
rCorr    .         Harm     .   (no gloves)
MR       .....                  D - +0 pair of boots
Stlth    ++........             (no amulet)
Regen    0.2/turn               (no ring)
MPRegen  0.2/turn               (no ring)

@: no status effects
A: negative energy resistance 1, electricity resistance, unbreathing,
petrification resistance, rot immunity, AC +4
a: Renounce Religion


You were on level 3 of the Dungeon.
You worshipped Vehumet.
Vehumet was noncommittal.
You were not hungry.

You visited 1 branch of the dungeon, and saw 4 of its levels.

You collected 273 gold pieces.

Inventory:

Hand Weapons
 u - a +0 flail (weapon)
Missiles
 b - 46 stones (quivered)
Armour
 a - a +2 cloak (worn)
 c - a +0 robe (worn)
 D - a +0 pair of boots (worn)
Jewellery
 v - an uncursed amulet of guardian spirit
Wands
 B - a wand of flame (0/48)
Scrolls
 h - a scroll of blinking {unknown}
 o - 2 scrolls of recharging {unknown}
 p - a scroll of immolation {unknown}
 r - a scroll of identify {unknown}
 w - 3 scrolls of remove curse {unknown}
 y - a scroll of amnesia {unknown}
 E - a scroll of teleportation {unknown}
Potions
 i - 2 potions of agility {unknown}
 j - 2 potions of magic {unknown}
 k - a potion of heal wounds {unknown}
 l - a potion of brilliance {unknown}
 m - a potion of invisibility
 n - a potion of cancellation {unknown}
 s - a potion of mutation {unknown}
 t - a potion of haste {unknown}
 x - a potion of degeneration {unknown}
 z - a potion of flight {unknown}
 A - 2 potions of lignification {unknown}
Books
 e - a book of Geomancy

   Spells                             Type                      Level
   a - Sandblast                      Earth                        1
   b - Passwall                       Transmutation/Earth          2
   c - Stone Arrow                    Conjuration/Earth            3
   d - Petrify                        Transmutation/Earth          4
   e - Lee's Rapid Deconstruction     Earth                        5
Comestibles
 d - 2 bread rations
 f - 3 fruits
 g - 2 meat rations
 q - 6 chunks of flesh


   Skills:
 + Level 0.0 Fighting
 + Level 0.0 Armour
 + Level 1.5 Dodging
 - Level 2.1 Stealth
 + Level 4.1 Spellcasting
 + Level 3.8 Conjurations
   Level 0.7 Transmutations
 + Level 6.5 Earth Magic
 + Level 0.0 Evocations


You had 5 spell levels left.
You knew the following spells:

 Your Spells              Type           Power        Failure   Level  Hunger
a - Sandblast             Erth           ####..       1%          1    None
b - Stone Arrow           Conj/Erth      ###...       5%          3    ###....
c - Lee's Rapid Deconstr  Erth           ####......   28%         5    ######.


Dungeon Overview and Level Annotations

Branches:
Dungeon (4/15)
 Temple: D:4-7

Altars:
Elyvilon
Makhleb
Vehumet

Annotations:
D:3 exclusion: 2 downstairs
D:4 Sigmund


Innate Abilities, Weirdness & Mutations

You are resistant to torment.
Your stone body is resilient. (AC +4)
You are immune to poison.
You resist negative energy. (rN+)
You are resistant to electric shocks. (rElec)
You can survive without breathing.
You are immune to petrification.
You are immune to rotting.


Message History

Ouch! That really hurt!
Casting: Sandblast
Confirm with . or Enter, or press ? or * to list all spells.
Aiming: Sandblast
Press: ? - help, Shift-Dir - straight line, f/p - ogre
Aim: an ogre, wielding a giant club The blast of sand hits the ogre.
The ogre is heavily wounded.
b - 47 stones The ogre closely misses you.
Casting: Sandblast
Confirm with . or Enter, or press ? or * to list all spells.
Aiming: Sandblast
Press: ? - help, Shift-Dir - straight line, f/p - ogre
Aim: an ogre, wielding a giant club (heavily wounded)
The blast of sand hits the ogre.
The ogre is heavily wounded.
b - 46 stones The ogre hits you with a giant club!
You die...

###############
...[..........#
..###########.#
...#........#.####
................@#
...#.######.#.##O#
...#+######.#.##.#
..........#.#.##.#
.......##.#.#.##.#
........#.#.#.##.#
.#.#..#.#.#.#.##.#
...#.>#.#.#.#.##.#
####..#.....#.##.#


You could see an ogre.

Vanquished Creatures
  An ogre (D:3)
  A phantom (D:3)
  A crimson imp (D:3)
  2 orc wizards (D:3)
  An orc priest (D:3)
  A hound (D:3)
  A worker ant (D:3)
  3 adders
  An ooze (D:3)
  3 worms
  3 dart slugs
  4 leopard geckos
  10 orcs
  10 bats
  3 giant cockroaches
  7 goblins
  7 hobgoblins
  5 jackals
  2 quokkas
  2 frilled lizards
  2 kobolds (D:2)
  11 rats
81 creatures vanquished.

Vanquished Creatures (others)
  A frilled lizard (D:3)
1 creature vanquished.

Grand Total: 82 creatures vanquished

Notes
Turn   | Place    | Note
-------+----------+-------------------------------------------
     0 | D:1      | Mitsuki the Gargoyle Earth Elementalist began the quest for the Orb.
     0 | D:1      | Reached XP level 1. HP: 10/10 MP: 3/3
   266 | D:1      | Reached XP level 2. HP: 15/15 MP: 5/5
   269 | D:1      | Reached skill level 4 in Earth Magic
   817 | D:1      | Reached XP level 3. HP: 19/19 MP: 6/6
   822 | D:1      | Learned a level 3 spell: Stone Arrow
  1332 | D:2      | Reached skill level 1 in Conjurations
  1587 | D:2      | Reached XP level 4. HP: 24/24 MP: 8/8
  2370 | D:3      | Reached skill level 5 in Earth Magic
  2589 | D:3      | Reached XP level 5. HP: 21/28 MP: 9/9
  3591 | D:3      | Found a radiant altar of Vehumet.
  3592 | D:3      | Found a burning altar of Makhleb.
  3597 | D:3      | Became a worshipper of Vehumet
  3732 | D:3      | Found a faded altar of an unknown god.
  3781 | D:3      | Found a white marble altar of Elyvilon.
  4086 | D:4      | Noticed Sigmund
  4086 | D:4      | Noticed an ogre
  4087 | D:4      | Noticed a phantom
  4094 | D:3      | Killed an ogre
  4094 | D:3      | Reached skill level 6 in Earth Magic
  4094 | D:3      | Reached XP level 6. HP: 9/32 MP: 4/11
  4324 | D:3      | Learned a level 5 spell: Lee's Rapid Deconstruction
  4413 | D:3      | Killed a phantom
  4441 | D:3      | Reached XP level 7. HP: 36/36 MP: 11/13
  4553 | D:3      | Slain by an ogre

Skill      XL: |  1  2  3  4  5  6 |
---------------+-------------------+-----
Earth Magic    | 4 5 6 |  6.5
Conjurations   | 1 2 3 |  3.8
Spellcasting   | 3 4 |  4.1
Dodging        | |  1.5
Stealth        | |  2.1
Transmutations | |  0.7

Action                   |  1- 3 |  4- 6 |  7- 9 || total
-------------------------+-------+-------+-------++-------
Melee: Hand axe          |    78 |       |       ||    78
       Unarmed           |     6 |       |       ||     6
       Whip              |    72 |    35 |       ||   107
       Flail             |       |   107 |    15 ||   122
 Cast: Sandblast         |     8 |    40 |     4 ||    52
Evoke: Wand              |       |       |     1 ||     1
 Stab: Sleeping          |     3 |       |       ||     3
  Eat: Chunk             |     2 |     9 |       ||    11
       Royal jelly       |       |     1 |       ||     1
Armor: Robe              |    89 |    73 |     8 ||   170
Dodge: Dodged            |   133 |   132 |    18 ||   283
